 Dungeon Crawl Stone Soup version 0.30-a0-743-gbfdf073431 (webtiles) character file.

Game seed: 11700035038235660981

1817 Krehm the Stinger (level 9, 0/102 HPs)
             Began as a Merfolk Venom Mage on Feb 7, 2023.
             Was an Initiate of Ru.
             Succumbed to a water moccasin's poison
             ... on level 5 of the Dungeon.
             The game lasted 01:31:28 (6548 turns).

Krehm the Stinger (Merfolk Venom Mage)              Turns: 6548, Time: 01:31:29

Health: 0/102      AC: 24    Str: 10    XL:     9   Next: 10%
Magic:  12/16      EV:  2    Int: 22    God:    Ru [......]
Gold:   169        SH:  0    Dex: 15    Spells: 7/17 levels left

rFire   . . .      SeeInvis .    s - +3 halberd
rCold   . . .      Faith    .    (shield currently unavailable)
rNeg    . . .      Spirit   .    (body armour currently unavailable)
rPois   +          Reflect  .    (helmet currently unavailable)
rElec   .          Harm     .    (cloak currently unavailable)
rCorr   .          Rampage  .    (gloves currently unavailable)
Will    .....      NoTele   +    (boots currently unavailable) Stlth
                                 (no amulet)
HPRegen 0.37/turn                m - +6 ring of intelligence
MPRegen 0.15/turn                (no ring)

@: lethally poisoned (0 -> -5), tree-form
A: stationary, stasis, torment immunity, boosted hp, no stealth, (nimble swimmer
2), (mertail)
a: Renounce Religion


You were on level 5 of the Dungeon.
You worshipped Ru.
Ru was noncommittal.
You were a tree.
You visited 1 branch of the dungeon, and saw 5 of its levels.

You collected 223 gold pieces.
You spent 54 gold pieces at shops.

Inventory:

Hand Weapons
 c - a +1 whip of flaming
 j - a +0 dagger
 p - a +0 short sword of protection
 s - a +3 halberd (weapon)
Missiles
 f - 32 stones
 i - 3 curare-tipped darts
 n - 10 poisoned darts (quivered)
 A - a throwing net
Armour
 l - a +2 pair of gloves (melded)
 v - a +0 cloak (melded)
 w - a +0 helmet (melded)
 H - a +2 robe of fire resistance (melded)
Jewellery
 m - a +6 ring of intelligence (left branch)
 r - a ring of fire
 u - a ring of flight
Wands
 G - a wand of quicksilver (3)
Scrolls
 g - a scroll of silence {unknown}
 k - 2 scrolls of teleportation
 o - a scroll of amnesia {unknown}
 q - a scroll of immolation {unknown}
 t - a scroll of magic mapping {unknown}
 x - 4 scrolls of enchant armour {unknown}
 y - a scroll of fog {unknown}
 C - a scroll of noise {unknown}
 D - 2 scrolls of torment {unknown}
 F - a scroll of acquirement {unknown}
Potions
 a - a potion of cancellation
 b - a potion of magic
 d - 3 potions of attraction
 e - 3 potions of brilliance
 h - a potion of resistance {unknown}
 E - a potion of flight {unknown}


   Skills:
 + Level 5.3 Fighting
 - Level 0.4 Short Blades
 + Level 3.3 Polearms
 - Level 3.0 Dodging
 + Level 4.9 Spellcasting
 - Level 3.0 Conjurations
 - Level 1.4 Transmutations
 - Level 3.0 Air Magic
 - Level 7.2 Poison Magic
 + Level 2.1 Evocations


You had 7 spell levels left.
You knew the following spells:

 Your Spells              Type           Power      Damage    Failure   Level
a - Sting                 Tmut/Pois      96%        1d7       1%          1
b - Poisonous Vapours     Pois/Air       54%        N/A       1%          2
c - Mephitic Cloud        Conj/Pois/Air  24%        N/A       4%          3
d - Olgreb's Toxic Radia  Pois           37%        N/A       5%          4

Your spell library contained the following spells:

 Spells                   Type           Power      Damage    Failure   Level
 Summon Small Mammal      Summ           20%        N/A       11%         1
 Call Canine Familiar     Summ           5%         N/A       30%         3
 Summon Guardian Golem    Hex/Summ       5%         N/A       30%         3
 Orb of Destruction       Conj           9%         9d6       100%        7
 Spellforged Servitor     Conj/Summ      6%         N/A       100%        7


Dungeon Overview and Level Annotations

Branches:
Dungeon (5/15)             Temple (0/1) D:5

Altars:
Ashenzari
Fedhas
Hepliaklqana
Qazlal
Ru
Uskayaw
Vehumet
Zin

Shops:
D:2 [   D:4 *

Annotations:
D:4 Ijyb


Innate Abilities, Weirdness & Mutations

You are a tree.
Your roots penetrate the ground, keeping you stationary.
You cannot be teleported.
You are immune to unholy pain and torment.
Your maximum health is greatly increased.
Your equipment is partially melded.
You cannot be stealthy.
((You are very nimble when in or above water. (Stealth+, EV+, Speed+++)))
((Your lower body shifts to a powerful aquatic tail in water.))


Message History

You miss the water moccasin.
The water moccasin is heavily wounded.
You feel sick.
You are no longer poisoned.
The water moccasin closely misses you.
The water moccasin bites you but does no damage.
You slash the water moccasin!
The water moccasin is almost dead.
The water moccasin barely misses you. The water moccasin bites you!
* * * LOW HITPOINT WARNING * * *
You are lethally poisoned!
The water moccasin poisons you!
It was a potion of lignification.
You turn into a tree.
Your +0 cloak melds into your body.
Your +0 helmet melds into your body.
Your +2 pair of gloves melds into your body.
Your +2 robe of fire resistance melds into your body.
You feel less resistant to fire.
Your roots penetrate the ground.
* * * LOW HITPOINT WARNING * * *
You feel very sick.
The water moccasin bites you but does no damage. x2
You are too injured to fight recklessly!
You slash the water moccasin!
You kill the water moccasin!
* * * LOW HITPOINT WARNING * * *
You feel very sick.
Your Evocations skill increases to level 2!
You cannot move.
You cannot move.
You cannot move.
You cannot move.
You cannot move.
You cannot move.
You cannot move.
There is a lethal amount of poison in your body!
There is a lethal amount of poison in your body!
There is a lethal amount of poison in your body!
There is a lethal amount of poison in your body!
* * * LOW HITPOINT WARNING * * *
You feel sick.
You die...

......#..........PPPP...##
.....##.#.....##.P......§^
#....#...........#.....#..
##.....#.#.......#...:....
#....###.#.......#.......#
...###...##....###........
.#........#....###.#
...##..>..##....#†.#
.)..#........#..♣..#
.#..##...###....#..#
###..#.###.....##.##
.#...#.#...##..#..)
..........<#........
#.....#....#####...##
##........## ##...
#.......## #.. ##.......#


There were no monsters in sight!

Vanquished Creatures
  Pikel (D:4)
  Sigmund (D:4)
  Eustachio (D:4)
  A steam dragon (D:5)
  A water moccasin (D:5)
  An ice beast (D:4)
  A centaur (D:5)
  2 lemures (D:4)
  A necrophage (D:3)
  4 wights (D:4)
  Natasha (thrice) (D:2)
  3 iguanas
  Robin (D:2)
  6 gnolls (D:3)
  5 adders
  A shadow imp (D:4)
  2 white imps
  4 worms
  A dart slug (D:4)
  6 orcs
  7 ball pythons
  7 endoplasms
  2 giant cockroaches
  14 goblins
  11 hobgoblins
  14 jackals
  12 kobolds
  2 quokkas
  4 bats
  7 rats
126 creatures vanquished.

Vanquished Creatures (others)
  2 plants (D:5)
2 creatures vanquished.

Grand Total: 128 creatures vanquished

Notes
Turn   | Place    | Note
-------+----------+-------------------------------------------
     0 | D:1      | Krehm the Merfolk Venom Mage began the quest for the Orb.
     0 | D:1      | Reached XP level 1. HP: 13/13 MP: 3/3
   103 | D:1      | Reached XP level 2. HP: 19/20 MP: 5/5
   106 | D:1      | Learned a level 2 spell: Poisonous Vapours
   190 | D:1      | Reached skill level 1 in Fighting
   408 | D:1      | Reached XP level 3. HP: 26/26 MP: 3/6
   412 | D:1      | Learned a level 3 spell: Mephitic Cloud
   916 | D:2      | Found a hide-covered altar of Uskayaw.
  1241 | D:2      | Found Feqaxyso's Armour Emporium.
  1289 | D:2      | Noticed Natasha
  1460 | D:2      | Reached skill level 1 in Air Magic
  1465 | D:2      | Noticed Robin
  1471 | D:2      | Reached XP level 4. HP: 32/32 MP: 7/7
  1477 | D:2      | Killed Robin
  1478 | D:2      | Reached skill level 4 in Poison Magic
  1487 | D:2      | Reached skill level 1 in Conjurations
  2006 | D:2      | Bought a +0 cloak for 54 gold pieces
  2071 | D:2      | Killed Natasha
  2072 | D:2      | Reached XP level 5. HP: 33/37 MP: 4/8
  2118 | D:2      | Noticed Natasha
  2134 | D:2      | Killed Natasha
  2504 | D:2      | Found a hide-covered altar of Uskayaw.
  2622 | D:2      | Found Feqaxyso's Armour Emporium.
  2667 | D:2      | Noticed Natasha
  2697 | D:2      | Killed Natasha
  2752 | D:3      | Found a glowing silver altar of Zin.
  3027 | D:3      | Found a sacrificial altar of Ru.
  3036 | D:3      | Became a worshipper of Ru the Awakened
  3350 | D:3      | Found a radiant altar of Vehumet.
  3352 | D:3      | Found a broken altar of Ashenzari.
  3374 | D:3      | Reached XP level 6. HP: 40/43 MP: 1/9
  3665 | D:3      | Reached skill level 5 in Poison Magic
  4082 | D:4      | Noticed Sigmund
  4082 | D:4      | Found Gefo's Elemental Accessories.
  4101 | D:4      | Killed Sigmund
  4102 | D:4      | Reached XP level 7. HP: 37/48 MP: 0/10
  4407 | D:4      | Noticed Pikel
  4560 | D:4      | Learned a level 4 spell: Olgreb's Toxic Radiance
  4594 | D:4      | Noticed Ijyb
  4731 | D:4      | Noticed Eustachio
  4762 | D:4      | Killed Eustachio
  4919 | D:4      | Killed Pikel
  4920 | D:4      | Reached skill level 6 in Poison Magic
  4920 | D:4      | Reached XP level 8. HP: 27/60 MP: 0/13
  5228 | D:4      | Reached skill level 7 in Poison Magic
  5429 | D:4      | Reached skill level 1 in Polearms
  5846 | D:5      | Entered Level 5 of the Dungeon
  5855 | D:5      | Reached skill level 1 in Evocations
  5880 | D:4      | Gained mutation: You cannot be stealthy. [Ru sacrifice]
  6101 | D:5      | Found a staircase to the Ecumenical Temple.
  6197 | D:5      | Reached skill level 5 in Fighting
  6197 | D:5      | Reached XP level 9. HP: 63/68 MP: 9/16
  6477 | D:5      | Found a hazy altar of Hepliaklqana.
  6515 | D:5      | Found a blossoming altar of Fedhas.
  6529 | D:5      | Found a stormy altar of Qazlal.
  6546 | D:5      | HP: 4/102 [poisoned by a water moccasin]
  6548 | D:5      | Succumbed to a water moccasin's poison

Illustrated notes

Levels and vault maps discovered:
D:1:      eino_arrival_druids_welcome, layout_rooms
D:2:      layout_loops_ring, basic_altar, serial_shops, shop, minmay_tromino_v2,
          uniq_robin, uniq_natasha
D:3:      layout_basic, nicolae_ru_the_path_less_chosen,
          nicolae_overflow_hidden_temple, grunt_temple_overflow_open
D:4:      layout_loops_ring, nicolae_elemental_shop, st_stairs_7,
          chequers_jeans, uniq_pikel, uniq_eustachio, uniq_sigmund, uniq_ijyb
D:5:      kennysheep_six_static_rooms, layout_cave_pools,
          grunt_temple_overflow_forces_of_nature, nzn_hepliaklqana_mist_gate,
          minmay_temple_entry_slanted, serial_bayou_lagoon_b

Skill      XL: |  1  2  3  4  5  6  7  8  9 |
---------------+----------------------------+-----
Fighting       | 1 3 5 |  5.3
Air Magic      | 1 2 3 |  3.0
Poison Magic   | 4 5 6 7 |  7.2
Conjurations   | 1 2 3 |  3.0
Dodging        | 3 |  3.0
Spellcasting   | 3 4 |  4.9
Polearms       | 2 3 |  3.3
Evocations     | 1 2 |  2.1
Stealth        | 0 |  0.0
Short Blades   | |  0.4
Transmutations | |  1.4

Action                     |  1- 3 |  4- 6 |  7- 9 || total
---------------------------+-------+-------+-------++-------
  Melee: Unarmed           |    27 |       |       ||    27
         Punch             |     2 |       |     1 ||     3
         Short sword       |    17 |       |       ||    17
         Dagger            |    34 |   101 |    79 ||   214
         Halberd           |       |       |     9 ||     9
   Cast: Sting             |    49 |    58 |    66 ||   173
         Poisonous Vapours |     3 |     4 |     4 ||    11
         Mephitic Cloud    |       |     3 |     5 ||     8
         Olgreb's Toxic Ra |       |       |     4 ||     4
 Invoke: Sacrifice Stealth |       |       |     1 ||     1
  Evoke: Wand              |       |     5 |    26 ||    31
    Use: Scroll            |       |     4 |     2 ||     6
         Potion            |       |       |     3 ||     3
   Stab: Sleeping          |       |     1 |       ||     1
         Confused          |       |       |     1 ||     1
 Armour: Robe              |    13 |       |    30 ||    43
         Leather armour    |       |    32 |    13 ||    45
         Skin              |       |       |     2 ||     2
  Dodge: Dodged            |    47 |    81 |    90 ||   218

Table legend: (Time is in decaauts)
 A = Elapsed time spent in this place.
 B = Non-inter-level travel time spent in this place.
 C = Inter-level travel time spent in this place.
 D = Time resting spent in this place.
 E = Time spent auto-exploring this place.
 F = Levels seen in this place.
 G = Mean time per level.
                   A        B        C        D        E       F      G
               +--------+--------+--------+--------+--------+-----+--------+
         Total |   6523 |   6258 |    265 |   1465 |   2983 |   5 | 1304.6 |
       Dungeon |   6523 |   6258 |    265 |   1465 |   2983 |   5 | 1304.6 |
               +--------+--------+--------+--------+--------+-----+--------+

Top non-repeatable levels by time:
     D:4: 1999 daAuts
     D:2: 1937 daAuts
     D:3: 1315 daAuts
     D:1: 825 daAuts
     D:5: 445 daAuts
